 Dungeon Crawl Stone Soup version 0.28.0-53-g5a82cb258f (webtiles) character file.

Game seed: 17583823255995667447

46 Kranky the Thaumaturge (level 3, -14/25 HPs)
             Began as a Gnoll Wanderer on June 17, 2022.
             Killed by divine providence
             ... invoked by an orc priest
              (16 damage)
             ... on level 3 of the Dungeon.
             The game lasted 00:05:42 (1714 turns).

Kranky the Thaumaturge (Gnoll Wanderer)             Turns: 1714, Time: 00:05:43

Health: -14/25     AC:  7    Str: 13    XL:     3   Next: 68%
Magic:  15/15      EV: 10    Int: 13    God:
Gold:   92         SH:  0    Dex:  9    Spells: 23/24 levels left

rFire   . . .      SeeInvis .   a - +2 shortbow
rCold   . . .      Faith    .   (shield currently unavailable)
rNeg    . . .      Spirit   .   k - +0 ring mail {rPois}
rPois   +          Reflect  .   (no helmet)
rElec   .          Harm     .   c - +0 cloak
rCorr   .          Rampage  .   h - +0 pair of gloves
Will    .....                   (no boots)
Stlth   +.........              (no amulet)
HPRegen 0.08/turn               (no ring)
MPRegen 0.14/turn               (no ring)

@: no status effects
A: fangs 1, strong nose, distributed training
a: no special abilities


You were on level 3 of the Dungeon.
You visited 1 branch of the dungeon, and saw 3 of its levels.

You collected 92 gold pieces.

Inventory:

Hand Weapons
 a - a +2 shortbow (weapon)
 f - a +0 spear
Missiles
 b - 16 arrows (quivered ammo)
 j - 2 poisoned darts
Armour
 c - a +0 cloak (worn)
 h - a +0 pair of gloves (worn)
 k - a +0 ring mail of poison resistance (worn)
Scrolls
 d - a scroll of silence {unknown}
 e - a scroll of immolation {unknown}
Potions
 i - 2 potions of degeneration {unknown}


   Skills:
 + Level 0.9 Fighting
 + Level 0.9 Short Blades
 + Level 0.9 Long Blades
 + Level 0.9 Axes
 + Level 0.9 Maces & Flails
 + Level 0.9 Polearms
 + Level 0.9 Staves
 + Level 0.9 Slings
 + Level 4.5 Bows
 + Level 0.9 Crossbows
 + Level 0.9 Throwing
 + Level 2.6 Armour
 + Level 2.6 Dodging
 + Level 2.4 Stealth
 + Level 0.9 Shields
 + Level 0.9 Unarmed Combat
 + Level 11.3 Spellcasting
 + Level 0.6 Conjurations
 + Level 0.6 Hexes
 + Level 0.6 Summonings
 + Level 0.6 Necromancy
 + Level 0.6 Translocations
 + Level 0.6 Transmutations
 + Level 0.6 Fire Magic
 + Level 0.6 Ice Magic
 + Level 0.6 Air Magic
 + Level 0.6 Earth Magic
 + Level 0.6 Poison Magic
 + Level 1.0 Invocations
 + Level 0.9 Evocations


You had 23 spell levels left.
You knew the following spells:

 Your Spells              Type           Power      Damage    Failure   Level
a - Apportation           Tloc           18%        N/A       16%         1

Your spell library contained the following spells:

 Spells                   Type           Power      Damage    Failure   Level
 Magic Dart               Conj           36%        1d4       16%         1
 Call Imp                 Summ           9%         N/A       24%         2
 Gell's Gravitas          Tloc           9%         N/A       43%         3
 Mephitic Cloud           Conj/Pois/Air  9%         N/A       43%         3


Dungeon Overview and Level Annotations

Branches:
Dungeon (3/15)

Altars:

Annotations:
D:3 Natasha


Innate Abilities, Weirdness & Mutations

You have very sharp teeth.
Your uncanny sense of smell can sniff out nearby items.
Your experience applies equally to all skills.


Message History

The arrow closely misses the orc priest.
The orc priest shouts!
The orc shouts!
An orc wizard comes into view. It is wielding a +0 dagger.
Fire: 17 arrows
Press: ? - help, Q - select action, (/) - cycle Shift-Dir - straight line, f - orc priest, p - orc priest
Aim: an orc priest, wielding a +0 hand axe (59% to hit)
You shoot an arrow. The arrow barely misses the orc priest.
The orc wizard shouts!
Natasha, Servant of Life and Death comes into view.
The orc priest miscasts a cantrip.
There is an open door here.
Natasha wildly gestures.
Natasha's front paws start to glow.
You close the door.
An orc priest opens the door.
You open the door.
There is an open door here.
You close the door.
An orc priest breaks down the door.
The orc priest invokes the aid of Beogh against you.
Beogh smites you!
Ouch! That really hurt!
You see here a giant cockroach corpse.
Fire: 16 arrows
Press: ? - help, Q - select action, (/) - cycle Shift-Dir - straight line, p - orc priest
Okay, then.
Natasha growls.
Natasha casts a spell.
The orc priest invokes the aid of Beogh against you.
Pain shoots through your body!
* * * LOW HITPOINT WARNING * * *
Natasha casts a spell.
The orc wizard casts a spell.
The orc wizard flickers and vanishes!
Deactivating autopickup; reactivate with Ctrl-A.
The crimson imp blinks!
The orc priest mumbles some strange prayers to Beogh against you.
Beogh smites you!
Ouch! That really hurt!
You die...

#........## ##.....#
#.........####......#
...........'........##
............####...###
...#.......## ##..##
.###.....## ##...##
##...## #.<...# ##+#
#.(...# #.# #@....#
#.# #....## ####.#####
#.#### ###...ho...#
#.# #5..h....#o# #o#
#.#.#...##.# #h#
##.#.##.###.####.#
...5.##{# #.ho.{.#
##h####.# ########


You could see an orc priest and Natasha.

Vanquished Creatures
  A dart slug (D:1)
  A ball python (D:1)
  3 bats
  7 endoplasms
  3 giant cockroaches
  5 goblins
  5 hobgoblins
  3 jackals (D:1)
  A kobold (D:3)
  2 quokkas
  4 rats
35 creatures vanquished.

Notes
Turn   | Place    | Note
-------+----------+-------------------------------------------
     0 | D:1      | Reached skill level 11 in Spellcasting
     0 | D:1      | Kranky the Gnoll Wanderer began the quest for the Orb.
     0 | D:1      | Kranky set off with the following items: a +2 shortbow, 25
                  | arrows, a +0 cloak, a +0 robe; and the following spell
                  | memorised: Apportation; and the following spells available
                  | to memorise: Gell's Gravitas
     0 | D:1      | Reached XP level 1. HP: 13/13 MP: 12/12
   151 | D:1      | Reached XP level 2. HP: 19/19 MP: 14/14
   520 | D:1      | Reached XP level 3. HP: 25/25 MP: 15/15
  1149 | D:2      | Reached skill level 1 in Invocations
  1651 | D:3      | Noticed Natasha
  1698 | D:3      | HP: 1/25 [orc priest/nerve-wracking pain (11)]
  1714 | D:3      | Killed from afar by an orc priest

Illustrated notes

Levels and vault maps discovered:
D:1:      nagdon_arrival_double_spiral, layout_loops_ring, st_stairs_4,
          serial_bayou_ford_a
D:2:      layout_basic
D:3:      layout_loops_corners, serial_glass, glass_columns_c, glass_columns_a,
          glass_columns_a, glass_columns_c, glass_columns_a, glass_columns_c,
          serial_shops, nicolae_shop_bloodbath_and_beyond,
          ebering_ecumenical_altar_hall, uniq_natasha

Skill      XL: |  1  2  3 |
---------------+----------+-----
Spellcasting   | | 11.3
Invocations    | 1 |  1.0
Fighting       | |  0.9
Short Blades   | |  0.9
Long Blades    | |  0.9
Axes           | |  0.9
Maces & Flails | |  0.9
Polearms       | |  0.9
Staves         | |  0.9
Slings         | |  0.9
Bows           | |  4.5
Crossbows      | |  0.9
Throwing       | |  0.9
Armour         | |  2.6
Dodging        | |  2.6
Stealth        | |  2.4
Shields        | |  0.9
Unarmed Combat | |  0.9
Conjurations   | |  0.6
Hexes          | |  0.6
Summonings     | |  0.6
Necromancy     | |  0.6
Translocations | |  0.6
Transmutations | |  0.6
Fire Magic     | |  0.6
Ice Magic      | |  0.6
Air Magic      | |  0.6
Earth Magic    | |  0.6
Poison Magic   | |  0.6
Evocations     | |  0.9

Action                   || total
-------------------------++-------
 Fire: Shortbow          ||    77
Armor: Robe              ||     5
       Leather armour    ||     3
Dodge: Dodged            ||     8
